 Dungeon Crawl Stone Soup version 0.27-a0-972-gd1521fd518 (webtiles) character file.

Game seed: 9251896344267100450

346 Morbidden the Conjurer (level 6, -2/57 HPs)
             Began as an Octopode Conjurer on Apr 13, 2021.
             Killed from afar by an orc wizard (3 damage)
             ... with a magic dart
             ... on level 4 of the Dungeon on Apr 14, 2021.
             The game lasted 00:05:19 (3905 turns).

Morbidden the Conjurer (Octopode Conjurer)          Turns: 3905, Time: 00:05:19

Health: -2/57      AC: 23    Str:  5 (6)  XL:     6   Next: 59%
Magic:  4/11       EV:  2    Int: 22 (23) God:
Gold:   102        SH:  0    Dex:  9 (10) Spells: 8/11 levels left

rFire    + . .     SeeInvis .   (no weapon)
rCold    + . .     Faith    .   (no shield)
rNeg     + + +     Spirit   .   (helmet currently unavailable)
rPois    +         Reflect  .   (no amulet)
rElec    +         Harm     .   (no ring)
rCorr    +         Rampage  .   (no ring)
Will     .....     NoTele   +   (no ring)
Stlth    +.........             (no ring)
HPRegen  0.19/turn              (no ring)
MPRegen  0.12/turn              (no ring)
                                (no ring)
                                (no ring)

@: confused, tree-form, resistant, attractive
A: stationary, stasis, torment immunity, boosted hp, almost no armour,
(amphibious), 8 rings, (camouflage 1), (gelatinous body 1), (nimble swimmer 1),
(tentacles)
a: no special abilities


You were on level 4 of the Dungeon.
You were a tree.
You visited 1 branch of the dungeon, and saw 4 of its levels.

You collected 102 gold pieces.

Inventory:

Missiles
 c - 4 silver javelins (quivered)
 m - a throwing net
Scrolls
 i - 2 scrolls of noise
Potions
 p - a potion of haste


   Skills:
 * Level 1.1 Fighting
 + Level 0.1 Throwing
 + Level 3.0 Dodging
 + Level 3.9 Stealth
 * Level 3.4 Spellcasting
 * Level 5.9 Conjurations


You had 8 spell levels left.
You knew the following spells:

 Your Spells              Type           Power      Damage    Failure   Level
a - Magic Dart            Conj           100%       1d8       1%          1
b - Searing Ray           Conj           60%        3d5       1%          2

Your spell library contained the following spells:

 Spells                   Type           Power      Damage    Failure   Level
 Dazzling Flash           Conj/Hex       32%        N/A       11%         3
 Corona                   Hex            3%         N/A       12%         1
 Ensorcelled Hibernation  Hex/Ice        6%         N/A       19%         2
 Confusing Touch          Hex            3%         N/A       34%         3
 Tukima's Dance           Hex            3%         N/A       34%         3
 Fulminant Prism          Conj/Hex       8%         3d7       34%         4
 Iskenderun's Mystic Bla  Conj/Tloc      16%        2d5       34%         4


Dungeon Overview and Level Annotations

Branches:
Dungeon (4/15)
 Temple: D:4-7

Altars:
Hepliaklqana

Shops:
D:2 =(:([

Annotations:
D:3 1 runed translucent door, celly00's ghost, amateur GnWn


Innate Abilities, Weirdness & Mutations

You are a tree.
Your roots penetrate the ground, keeping you stationary.
You cannot be teleported.
You are immune to unholy pain and torment.
Your maximum health is greatly increased.
Your equipment is partially melded.
You cannot wear most types of armour.
((You are amphibious.))
You can wear up to eight rings at the same time.
((Your skin changes colour to match your surroundings (Stealth+).))
((Your rubbery body absorbs attacks. (AC +1, EV +1)))
((You are camouflaged near water. (Stealth+)))
((You have tentacles for arms and can constrict up to eight enemies at once.))


Message History

You cannot move. (Use ctrl+direction or * direction to attack without moving.) There's something in the way.
You barely miss the orc wizard.
The orc wizard is heavily wounded.
You hear a shout!
The orc hits you but does no damage. Something hits you but does no damage.
The orc wizard hits you but does no damage.
You completely miss the orc wizard.
The orc wizard is heavily wounded.
The orc hits you but does no damage.
You hear some strange, mumbled words.
A puff of flame appears from out of thin air!
The puff of flame hits you. You resist.
* * * LOW HITPOINT WARNING * * *
A hobgoblin comes into view.
The orc wizard hits you but does no damage.
The hobgoblin is pulled toward you!
You cannot move. (Use ctrl+direction or * direction to attack without moving.) Unknown command.
Unknown command.
You cannot move. (Use ctrl+direction or * direction to attack without moving.) Unknown command.
You are too confused!
Unknown command.
Okay, then.
You cannot move. (Use ctrl+direction or * direction to attack without moving.) Unknown command.
You cannot move. (Use ctrl+direction or * direction to attack without moving.) Unknown command.
You cannot move. (Use ctrl+direction or * direction to attack without moving.)
You cannot move. (Use ctrl+direction or * direction to attack without moving.)
You hit the orc.
You kill the orc!
Something hits you but does no damage. The orc wizard barely misses you.
The orc priest is pulled toward you! The hobgoblin is pulled toward you!
You swing at nothing.
You hear some strange, mumbled words.
A magic dart appears from out of thin air!
The magic dart hits you.
You die...

...#.# ##... #..... ###...
#≈....##.#..# ..........##
.......>..######
#..........#..######
≈≈.##.........#...##...###
≈......<......#)>........##
≈..#........)g♣{..........#
............###oo.......###
...........###........#.#
.............o.......####
...##..................#
... ##.......#........## #.
#.....Z###...##...#
##.........#####.##
.o....... ###


You could see an orc priest, an orc wizard and a hobgoblin.

Vanquished Creatures
  A black bear (D:3)
  A scorpion (D:4)
  Crazy Yiuf (D:3)
  A hound skeleton (D:4)
  7 gnolls (D:2)
  2 adders
  A worm (D:3)
  A dart slug (D:1)
  2 orcs
  2 endoplasms (D:2)
  3 giant cockroaches (D:1)
  8 goblins
  5 hobgoblins
  13 jackals
  4 kobolds
  2 quokkas (D:2)
  5 ball pythons
  6 bats
  3 frilled lizards
  2 rats (D:3)
70 creatures vanquished.

Vanquished Creatures (others)
  A plant (D:1)
1 creature vanquished.

Grand Total: 71 creatures vanquished

Notes
Turn   | Place    | Note
-------+----------+-------------------------------------------
     0 | D:1      | Morbidden the Octopode Conjurer began the quest for the
                  | Orb.
     0 | D:1      | Reached XP level 1. HP: 11/11 MP: 3/3
   110 | D:1      | Found a faded altar of an unknown god.
   472 | D:1      | Reached XP level 2. HP: 17/17 MP: 1/5
   681 | D:1      | Learned a level 2 spell: Searing Ray
  1167 | D:2      | Reached XP level 3. HP: 21/21 MP: 1/6
  1557 | D:2      | Found Hosex's Antique Weapon Emporium.
  1621 | D:2      | Found Leirarr's Antique Weapon Shoppe.
  1658 | D:2      | Reached XP level 4. HP: 27/27 MP: 2/7
  2041 | D:2      | Found Ofips's Jewellery Boutique.
  2124 | D:2      | Reached skill level 5 in Conjurations
  2197 | D:2      | Found Yggevata's Book Shoppe.
  2299 | D:2      | Found a hazy altar of Hepliaklqana.
  2359 | D:2      | Found Qutyhagaf's Armour Shop.
  2504 | D:2      | Reached XP level 5. HP: 31/31 MP: 6/8
  3316 | D:3      | Found a runed translucent door.
  3317 | D:3      | Noticed a kobold brigand
  3318 | D:3      | Noticed celly00's ghost (amateur GnWn)
  3421 | D:3      | Noticed a black bear
  3426 | D:3      | Killed a black bear
  3427 | D:3      | Reached XP level 6. HP: 37/37 MP: 3/10
  3518 | D:3      | Found a runed translucent door.
  3519 | D:3      | Noticed Crazy Yiuf
  3593 | D:3      | Killed Crazy Yiuf
  3689 | D:4      | Reached skill level 1 in Fighting
  3892 | D:4      | HP: 1/38 [orc wizard/+0 dagger (1)]
  3903 | D:4      | HP: 1/57 [something/puff of flame (3)]
  3905 | D:4      | Killed from afar by an orc wizard

Illustrated notes

Levels and vault maps discovered:
D:1:      dpeg_arrival_erosion, layout_basic, chequers_ecumenical_altar_lobes
D:2:      layout_loops_ring, serial_shops, shop, shop, shop, shop,
          nicolae_shop_competitors_out_of_business, basic_altar
D:3:      layout_rooms, ebering_ghost_inner_flame, uniq_crazy_yiuf_cottage
D:4:      layout_cave_pools, serial_shops, shop_fountains, shop, st_stairs_5,
          grunt_decor_junction, uniq_sigmund

Skill      XL: |  1  2  3  4  5  6 |
---------------+-------------------+-----
Stealth        | 3 |  3.9
Conjurations   | 5 |  5.9
Dodging        | 3 |  3.0
Spellcasting   | 3 |  3.4
Fighting       | 1 |  1.1
Throwing       | |  0.1

Action                   |  1- 3 |  4- 6 || total
-------------------------+-------+-------++-------
Melee: Unarmed           |     7 |    17 ||    24
       Constrict         |     2 |     6 ||     8
       Tentacles         |     2 |     1 ||     3
Throw: Javelin           |       |     3 ||     3
 Cast: Magic Dart        |    44 |    76 ||   120
       Searing Ray       |     2 |     9 ||    11
  Use: Scroll            |       |     8 ||     8
       Potion            |       |     5 ||     5
 Stab: Sleeping          |     1 |       ||     1
Armor: Skin              |     1 |    18 ||    19
Dodge: Dodged            |     8 |    25 ||    33

Table legend: (Time is in decaauts)
 A = Elapsed time spent in this place.
 B = Non-inter-level travel time spent in this place.
 C = Inter-level travel time spent in this place.
 D = Time resting spent in this place.
 E = Time spent auto-exploring this place.
 F = Levels seen in this place.
 G = Mean time per level.
                   A        B        C        D        E       F      G
               +--------+--------+--------+--------+--------+-----+--------+
         Total |   3908 |   3819 |     89 |    392 |   3068 |   4 |  977.0 |
       Dungeon |   3908 |   3819 |     89 |    392 |   3068 |   4 |  977.0 |
               +--------+--------+--------+--------+--------+-----+--------+

Top non-repeatable levels by time:
     D:2: 1496 daAuts
     D:1: 1323 daAuts
     D:3: 867 daAuts
     D:4: 221 daAuts
